Map: 데이터-C

Players

Clem

  • Race: Terran Terran
  • Spawn Location: 9:00

Bunny - Winner!

  • Race: Terran Terran
  • Spawn Location: 3:00

Event: DreamHack SC2 Masters 2022 Atlanta (Offline)

VOD

Have the link to the VOD?

Description

Time

  • Played on: Nov. 19, 2022, 11:57 a.m.
  • Length: 15:29

All games in this series

Show
View Real Time Build Order
Export as new Build Order

Clem Terran 

Build Orders:  

Get SALT Encoding   

  12  0:00  SCV  
  13  0:12  SCV  
  14  0:17  Supply Depot  
  14  0:24  SCV  
  15  0:38  SCV  
  15  0:40  Barracks  
  16  0:43  Refinery  
  16  0:50  SCV  
  16  0:54  Refinery  
  17  1:03  SCV  
  18  1:15  SCV  
  19  1:27  Barracks Reactor, Orbital Command  
  19  1:32  Supply Depot  
  19  1:45  Factory  
  19  1:53  SCV  
  20  2:04  Reaper  
  20  2:05  SCV, Reaper  
  23  2:24  Command Center  
  23  2:27  SCV  
  24  2:32  Hellion  
  27  2:37  Reaper  
  27  2:39  Reaper  
  27  2:41  SCV  
  29  2:45  Supply Depot  
  29  2:54  Hellion  
  31  3:02  Starport  
  31  3:06  SCV  
  32  3:14  Marine x2  
  32  3:17  Factory Tech Lab  
  32  3:18  SCV  
  35  3:20  Supply Depot  
  35  3:30  SCV  
  36  3:34  Marine x2  
  36  3:37  Refinery  
  36  3:38  Cyclone  
  41  3:48  Starport Tech Lab  
  37  3:49  SCV  
  37  3:50  Orbital Command  
  37  3:55  Marine x2  
  39  4:01  SCV  
  41  4:08  Raven  
  43  4:13  SCV  
  43  4:16  SCV  
  45  4:25  SCV, Siege Tank  
  45  4:27  Marine x2  
  45  4:29  SCV  
  52  4:36  Supply Depot  
  52  4:38  SCV  
  53  4:41  SCV  
  48  4:47  Marine  
  48  4:48  Marine  
  48  4:50  SCV  
  48  4:51  Raven  
  53  4:53  SCV  
  53  4:57  Supply Depot  
  54  5:02  SCV, Command Center  
  54  5:05  Siege Tank  
  58  5:07  SCV  
  58  5:12  Marine x2  
  61  5:14  SCV  
  61  5:19  SCV  
  63  5:24  Refinery  
  63  5:26  SCV  
  63  5:28  Supply Depot  
  64  5:31  SCV  
  64  5:34  Supply Depot, Raven  
  67  5:39  SCV  
  68  5:44  SCV  
  68  5:49  Siege Tank  
  72  5:50  Marine x2  
  72  5:52  SCV  
  72  5:54  Barracks x2  
  72  5:57  SCV  
  76  6:04  SCV  
  77  6:09  SCV  
  78  6:14  Engineering Bay x2  
  78  6:16  SCV, Orbital Command  
  79  6:21  SCV  
  79  6:25  Marine  
  81  6:26  Siege Tank  
  81  6:28  Viking x2, SCV  
  89  6:33  SCV  
  88  6:40  SCV, Orbital Command  
  88  6:42  Barracks Reactor x2, Marine  
  88  6:45  SCV  
  89  6:53  SCV  
  84  6:57  SCV  
  84  6:58  Viking, Siege Tank  
  84  7:00  Viking, Marine  
  87  7:04  Terran Infantry Armor Level 1, Terran Infantry Weapons Level 1  
  87  7:05  SCV x2  
  89  7:10  SCV  
  89  7:13  Stimpack  
  90  7:17  Refinery, SCV  
  90  7:18  SCV, Marine  
  90  7:19  Marine x3  
  90  7:21  Supply Depot, Refinery  
  90  7:22  SCV  
  97  7:24  Marine  
  97  7:29  SCV  
  99  7:33  SCV  
  99  7:34  Supply Depot, SCV  
  101  7:42  Viking  
  101  7:43  Supply Depot, SCV, Siege Tank  
  107  7:44  Marine x2  
  107  7:49  Barracks  
  107  7:50  Barracks  
  109  7:55  Marine x3  
  109  7:56  SCV  
  113  8:02  Sensor Tower  
  113  8:04  Command Center  
  113  8:06  Supply Depot  
  113  8:08  Armory  
  113  8:09  Marine x2  
  115  8:13  SCV, Marine  
  115  8:15  Siege Tank  
  115  8:19  Marine  
  113  8:24  Marine  
  113  8:25  SCV x2  
  114  8:27  Marine  
  114  8:30  SCV  
  114  8:31  Armory  
  114  8:35  Marine  
  114  8:36  Marine  
  114  8:39  Medivac x2  
  120  8:42  SCV x2  
  120  8:43  Supply Depot, Factory  
  120  8:44  SCV  
  123  8:50  Marine  
  123  8:52  Combat Shield, Marine  
  123  8:54  SCV x2  
  127  8:56  SCV  
  127  8:57  Supply Depot  
  127  8:58  Barracks Reactor  
  127  8:59  Siege Tank, Marine  
  127  9:01  Marine  
  133  9:04  Marine  
  133  9:06  SCV  
  133  9:07  SCV  
  133  9:08  SCV, Marine  
  133  9:09  Marine  
  139  9:11  Supply Depot  
  139  9:16  Marine  
  139  9:19  SCV x2, Marine  
  139  9:20  Barracks Reactor  
  139  9:22  Marine  
  139  9:23  SCV  
  141  9:25  Sensor Tower  
  141  9:26  Marine  
  141  9:28  Factory Tech Lab  
  141  9:31  SCV x2, Siege Tank, Marine  
  144  9:34  Marine  
  144  9:36  Medivac x2  
  144  9:37  Marine x2  
  144  9:38  Marine  
  156  9:39  Marine  
  156  9:40  Terran Infantry Weapons Level 2  
  156  9:41  Supply Depot, SCV  
  156  9:43  SCV, Terran Infantry Armor Level 2  
  159  9:46  SCV, Marine  
  159  9:49  SCV, Marine  
  159  9:52  Refinery, Marine  
  164  9:53  Terran Vehicle Weapons Level 1, Refinery  
  164  10:02  Supply Depot  
  164  10:03  SCV x3, Siege Tank  
  164  10:05  Supply Depot  
  173  10:07  Siege Tank  
  174  10:14  Planetary Fortress  
  174  10:15  Supply Depot  
  174  10:16  Marine  
  174  10:19  Viking  
  174  10:26  Marine x8  
  169  10:29  SCV  
  169  10:34  Marine  
  168  10:36  Siege Tank  
  170  10:43  Marine  
  170  10:44  Marine x2  
  170  10:46  Command Center  
  169  10:51  Viking, Siege Tank  
  169  10:52  Viking, Marine x2  
  169  10:54  Marine x4  
  175  11:00  Command Center  
  175  11:01  Marine x2  
  175  11:02  Marine  
  178  11:09  Starport  
  178  11:10  Siege Tank, Starport  
  181  11:15  Marine x5  
  186  11:23  Siege Tank  
  189  11:25  Viking x2  
  189  11:31  Marine x2  
  195  11:39  Marine x2  
  195  11:42  Siege Tank  
  198  11:47  Marine  
  198  11:50  Marine  
  198  11:52  Starport Tech Lab x2  
  200  11:55  Command Center x2  
  200  11:56  Missile Turret  
  200  12:04  Terran Infantry Weapons Level 3, Terran Infantry Armor Level 3, Terran Vehicle Weapons Level 2  
  199  12:14  Corvid Reactor  
  198  12:16  Orbital Command  
  198  12:18  Refinery, Raven  
  198  12:20  Raven  
  198  12:21  Missile Turret  
  198  12:22  Refinery, Sensor Tower  
  194  12:25  Viking  
  192  12:34  Siege Tank  
  187  12:39  Siege Tank  
  189  12:48  Marine x2  
  190  12:53  Viking  
  190  12:57  Starport  
  192  12:58  Starport  
  192  13:01  Raven, Planetary Fortress  
  193  13:13  Viking, Raven  
  193  13:19  Orbital Command  
  197  13:29  Refinery  
  197  13:31  Missile Turret  
  197  13:32  Refinery  
  197  13:33  Sensor Tower  
  192  13:36  Siege Tank  
  192  13:37  Viking x3  
  192  13:40  Marine  
  162  13:43  Viking  
  162  13:44  Raven  
  162  13:45  Marine, Hellbat  
  162  13:47  Marine x5  
  135  13:49  Marine  
  135  13:50  Marine  
  135  13:52  Planetary Fortress  
  133  13:56  Viking  
  133  13:58  Marine  
  136  14:03  Marine  
  136  14:04  Marine  
  136  14:05  Marine x3  
  136  14:06  Marine  
  136  14:07  Viking, Marine  
  145  14:10  Marine  
  145  14:13  Siege Tank  
  145  14:16  Marine  
  150  14:21  Marine  
  150  14:23  Siege Tank  
  154  14:26  Raven  
  154  14:27  Raven  
  154  14:28  Viking  
  154  14:30  Marine  
  159  14:31  Marine x2  
  159  14:32  Marine x2  
  159  14:37  Sensor Tower  
  160  14:39  Missile Turret  
  160  14:40  Marine x3  
  160  14:42  Marine  
  160  14:45  Siege Tank  
  167  14:48  Marine  
  167  14:49  Marine  
  169  14:54  Viking  
  169  14:55  Siege Tank  
  164  15:00  Marine  
  164  15:01  Marine x3  
  164  15:05  Marine x3  
  164  15:06  Marine  
  139  15:15  Starport Tech Lab x2  
Show
View Real Time Build Order
Export as new Build Order

Bunny Terran - Winner!

Build Orders: Gas First Reaper Expand, Hellion Opening 

Get SALT Encoding   

  12  0:00  SCV  
  13  0:12  SCV  
  14  0:17  Supply Depot  
  14  0:24  SCV  
  14  0:27  Refinery  
  15  0:38  SCV  
  16  0:44  Barracks  
  16  0:50  SCV  
  17  1:02  SCV  
  18  1:14  SCV  
  19  1:30  Orbital Command  
  19  1:31  Reaper  
  20  1:42  Command Center  
  20  1:52  Factory  
  20  1:56  SCV  
  21  2:04  Barracks Reactor  
  21  2:06  Supply Depot  
  21  2:09  SCV  
  22  2:16  Refinery  
  22  2:21  SCV  
  23  2:33  SCV  
  24  2:41  Starport  
  24  2:44  Hellion x2  
  28  2:45  SCV  
  28  2:51  Barracks Tech Lab  
  29  2:57  SCV, Orbital Command  
  30  3:08  Hellion  
  30  3:10  SCV  
  30  3:11  Hellion  
  35  3:19  Refinery  
  35  3:22  SCV  
  35  3:24  Raven  
  35  3:25  SCV  
  39  3:30  Hellion  
  41  3:35  Hellion  
  41  3:37  SCV  
  41  3:52  Supply Depot, SCV x2  
  43  4:04  Supply Depot, SCV x2  
  43  4:06  Factory Tech Lab, Marine  
  46  4:13  Raven, Marine  
  46  4:16  SCV  
  51  4:17  SCV  
  51  4:23  Marine  
  52  4:26  Command Center  
  52  4:29  Siege Tank  
  52  4:30  SCV  
  56  4:31  Marine  
  56  4:33  SCV  
  58  4:44  Marine  
  57  4:49  Marine  
  57  4:52  SCV x2  
  54  4:56  Raven  
  56  5:02  Supply Depot, Siege Tank, Marine  
  56  5:03  Refinery  
  56  5:04  SCV x2  
  62  5:12  Supply Depot  
  62  5:16  Barracks  
  62  5:17  Barracks  
  62  5:23  SCV x2, Marine x2  
  62  5:25  Supply Depot  
  66  5:33  Engineering Bay  
  66  5:34  Engineering Bay  
  66  5:36  SCV x2  
  66  5:38  Siege Tank  
  66  5:41  Orbital Command  
  71  5:49  Viking  
  73  5:51  Viking  
  73  5:53  Stimpack  
  73  5:55  SCV  
  76  5:57  SCV  
  76  6:02  Terran Infantry Armor Level 1, Terran Infantry Weapons Level 1  
  77  6:05  Barracks Reactor  
  77  6:06  Orbital Command  
  77  6:07  Barracks Reactor  
  77  6:09  Marine  
  78  6:13  SCV x2  
  80  6:19  Viking  
  80  6:21  Viking  
  84  6:28  SCV x2  
  84  6:30  Marine  
  87  6:33  SCV  
  87  6:37  Siege Tank  
  88  6:40  SCV x2  
  88  6:46  Barracks  
  90  6:47  Barracks  
  81  6:55  Marine x5  
  81  7:00  SCV x3  
  86  7:02  Medivac x2  
  86  7:08  Supply Depot  
  90  7:09  Supply Depot, Siege Tank  
  90  7:12  SCV x2  
  90  7:13  SCV, Marine x4  
  100  7:16  Marine  
  100  7:20  Refinery x2  
  101  7:24  Sensor Tower  
  101  7:29  SCV x3  
  104  7:32  Marine x4  
  104  7:34  Combat Shield  
  104  7:35  Barracks Reactor  
  104  7:36  Supply Depot  
  108  7:37  Barracks Reactor  
  108  7:40  Armory  
  108  7:51  Marine x5  
  109  7:53  Siege Tank  
  109  7:56  Supply Depot  
  109  7:57  Supply Depot, SCV x3  
  119  8:09  Command Center  
  119  8:10  Medivac  
  119  8:12  Medivac  
  123  8:15  Supply Depot  
  123  8:19  Marine x6  
  115  8:27  Marine x3  
  115  8:30  Siege Tank  
  115  8:34  Terran Infantry Armor Level 2, Terran Infantry Weapons Level 2  
  115  8:37  Marine x2  
  115  8:38  SCV x3  
  120  8:41  Factory  
  120  8:43  Marine x3  
  120  8:46  Marine x3  
  120  8:47  Marine  
  127  8:49  Medivac  
  127  8:51  Medivac  
  131  9:01  Supply Depot  
  131  9:02  Supply Depot  
  131  9:06  Marine x9  
  131  9:09  Missile Turret, Siege Tank  
  143  9:23  Marine  
  143  9:24  Marine x5  
  143  9:25  Viking x2  
  143  9:29  Terran Vehicle Weapons Level 1  
  143  9:31  Factory Tech Lab  
  152  9:32  SCV  
  152  9:33  SCV x2  
  155  9:41  Sensor Tower  
  155  9:42  Marine x9  
  155  9:44  Refinery  
  155  9:45  Refinery, Planetary Fortress  
  164  9:53  Siege Tank x2  
  164  9:58  Viking x2  
  174  10:00  Marine  
  174  10:01  Starport  
  175  10:08  Starport  
  175  10:11  SCV x3  
  178  10:26  Siege Tank x2  
  164  10:31  Marine x7  
  162  10:40  Viking x2  
  162  10:41  Starport Tech Lab  
  166  10:44  Starport Tech Lab, Starport  
  166  10:47  Starport  
  166  10:55  Command Center x2  
  166  10:58  Siege Tank x2  
  166  11:01  Corvid Reactor  
  172  11:13  Terran Infantry Weapons Level 3  
  172  11:20  Terran Infantry Armor Level 3  
  172  11:23  SCV x4  
  175  11:31  Raven  
  177  11:38  Raven  
  178  11:41  Supply Depot  
  178  11:42  Starport Reactor, Starport Tech Lab  
  178  11:51  Marine x9  
  187  11:58  Terran Vehicle Weapons Level 2  
  187  11:59  Barracks  
  187  12:00  Barracks  
  187  12:01  Barracks  
  187  12:07  Command Center  
  103  12:08  Orbital Command  
  187  12:09  Marine x2  
  187  12:12  Raven  
  187  12:14  Raven  
  185  12:32  Raven  
  185  12:36  Armory  
  181  12:47  Command Center  
  181  12:51  Planetary Fortress  
  181  12:53  Refinery  
  181  12:55  Refinery, Raven  
  183  12:59  Marine x9  
  183  13:03  Barracks Reactor x3  
  183  13:05  Siege Tank x2  
  198  13:13  Sensor Tower  
  198  13:15  Command Center  
  198  13:23  Marine x2  
  198  13:26  Orbital Command  
  185  13:39  Siege Tank x2  
  185  13:40  Marine x13  
  182  13:47  Raven x2  
  163  13:53  Marine x2  
  165  13:57  Marine  
  165  13:58  Marine x5  
  165  14:00  Medivac  
  165  14:01  Medivac  
  175  14:11  Siege Tank x2, Marine  
  175  14:13  Raven  
  184  14:29  Marine  
  184  14:30  Raven x2, Marine x14  
  180  15:00  Marine  
  180  15:01  Marine x14  
Tags
 
Add a new tag
Caveats
  • Supply blocks, unpowered buildings, or Contaminate may cause inaccurate times.
  • Supply counts are checked every 10 seconds.